[Event "Late-Titled-Tuesday-Blitz-March-05-2024"]
[Site "Chess.com"]
[Date "2024.03.05"]
[Round "6"]
[White "OverallStranger"]
[Black "Bugcrusher"]
[Result "1/2-1/2"]
[WhiteElo "2375"]
[BlackElo "2526"]
[TimeControl "180+1"]
[EndTime "15:05:28 PST"]
[Termination "Game drawn by repetition"]

1. e4 c6 2. d4 d5 3. exd5 cxd5 4. Bd3 Nc6 5. c3 Nf6 6. Bf4 Bg4 7.
Qb3 Qd7 8. Nd2 e6 9. Ngf3 Bxf3 10. Nxf3 Bd6 11. Bxd6 Qxd6 12. O-O O-O 13. Rae1 Qc7 14.
Qc2 Rab8 15. Ne5 g6 16. f4 b5 17. Re3 b4 18. Rh3 bxc3 19. bxc3 Rfc8 20. Qf2 Nxe5 21. fxe5 Ng4 22. Qf4 h5 23. Be2 f5 24. exf6 Qxf4 25. Rxf4 Nh6 26. Re3 Kf7 27. h3 Rb2 28. a4 Rc2 29.
Rff3 Nf5 30. Rd3 Rxe2 31. g4 hxg4 32. hxg4 Nd6 33. g5 Ne4 34. Rh3 Nxg5 35. Rhg3 Ne4 36. Rh3 Rc2 37. Rdf3 Nxf6 38. Rh7+ Kg8 39. Rxa7 Rf8 40. Rg3 Rf7 41. Rxg6+ Kf8 42. Ra8+ Ke7 43. Ra7+ Nd7 44. Rg3 Rf8 45. Rg7+ Rf7 46. Rg3 Rf8 47. Rg7+ Rf7 48. Rg3 1/2-1/2

[Event "Late-Titled-Tuesday-Blitz-March-05-2024"]
[Site "Chess.com"]
[Date "2024.03.05"]
[Round "6"]
[White "SaqoChess_Twitch"]
[Black "Polish_fighter3000"]
[Result "0-1"]
[WhiteElo "2650"]
[BlackElo "3115"]
[TimeControl "180+1"]
[EndTime "15:05:29 PST"]
[Termination "Polish_fighter3000 won by resignation"]

1. d4 Nf6 2. c4 g6 3. Nc3 d5 4.
cxd5 Nxd5 5. e4 Nxc3 6. bxc3 Bg7 7. Nf3 c5 8. Rb1 O-O 9. Be2 b6 10. O-O e6 11. Be3 Nd7 12. Qd2 Bb7 13. e5 Rc8 14. Rfd1 Qc7 15. Bh6 cxd4 16. cxd4 Qc2 17. Bxg7 Kxg7 18.
Qe3 Rc3 19. Bd3 Qxa2 20. Ng5 Qd5 21. Be4 Rxe3 22. Bxd5 Rxe5 23. dxe5 Bxd5 24. f4 a5 25. Rdc1 h6 26. Nf3 Nc5 27. Rxb6 Nd3 28. Ra1 Nxf4 29.
Rxa5 Rc8 30. Ra4 Rc1+ 31. Kf2 Rc2+ 32. Ke3 Nxg2+ 33. Kd3 Rf2 34. Nd4 g5 35. Ra7 Nf4+ 36. Ke3 Rxh2 37. Rb8 Rh3+ 38. Kf2 Nd3+ 39. Ke2 Nxe5 40.
Nb5 Nc6 41. Rbb7 Nxa7 42. Rxa7 Bc4+ 43. Kf2 Bxb5 44. Kg2 g4 45. Kg1 h5 46. Kf2 Bd3 47.
Kg1 Bf5 48. Kf2 Kg6 49. Kg1 e5 50. Ra8 Kg5 51. Ra6 f6 52. Ra5 h4 53. Ra3 Rxa3 0-1

[Event "Late-Titled-Tuesday-Blitz-March-05-2024"]
[Site "Chess.com"]
[Date "2024.03.05"]
[Round "6"]
[White "Lukianoo"]
[Black "secretworker2027"]
[Result "1-0"]
[WhiteElo "2874"]
[BlackElo "2672"]
[TimeControl "180+1"]
[EndTime "15:05:29 PST"]
[Termination "Lukianoo won by resignation"]

1. e4 c5 2. Nf3 Nc6 3. Bb5 d6 4.
d4 cxd4 5. Qxd4 a6 6. Bxc6+ bxc6 7. Qa4 Bd7 8. c4 e5 9. O-O Nf6 10. c5 Qc7 11. cxd6 Bxd6 12. Nbd2 O-O 13. Qc2 Bg4 14.
h3 Bh5 15. b3 Bg6 16. Bb2 Rfe8 17. Rfe1 Nd5 18. Nc4 Nf4 19. Rad1 Bb4 20. Bxe5 Rxe5 21.
Nfxe5 Bxe1 22. Rxe1 Re8 23. Nxg6 hxg6 24. e5 Qe7 25.
Qe4 Qg5 26. Qf3 Nd5 27. g3 Re7 28. h4 Qh6 29. e6 fxe6 30. Ne5 g5 31. h5 Qf6 32. Qg4 Qf5 33. Qa4 Rc7 34. Qxa6 Kh7 35.
Qa8 g4 36. Ng6 Qxh5 37. Nf8+ Kh6 38. Nxe6 Rf7 39. Qh8+ Kg6 40. Nf8+ Rxf8 41. Qxf8 Nf6 42. Qb4 Qd5 43. Qc3 Kh7 44. a4 Kh6 45. a5 Ne4 46. Rxe4 Qxe4 47. Qe3+ 1-0

[Event "Late-Titled-Tuesday-Blitz-March-05-2024"]
[Site "Chess.com"]
[Date "2024.03.05"]
[Round "6"]
[White "Hamisandwich"]
[Black "TanitoluwaAps116"]
[Result "0-1"]
[WhiteElo "2664"]
[BlackElo "2828"]
[TimeControl "180+1"]
[EndTime "15:05:29 PST"]
[Termination "TanitoluwaAps116 won by resignation"]

1. e4 c5 2. a4 Nc6 3. Bb5 g6 4. f4 Nd4 5. Nf3 Bg7 6. O-O a6 7. Be2 Nf6 8. d3 O-O 9. c3 Nxe2+ 10. Qxe2 d6 11. h3 Be6 12. Ng5 Bc8 13. g4 e6 14. Be3 b6 15. Nd2 Re8 16. Ngf3 Bb7 17. Bf2 b5 18. d4 cxd4 19. cxd4 Rc8 20. axb5 axb5 21. Qd3 Bc6 22. Rfc1 Qd7 23. Kh2 Qb7 24. Re1 Ra8 25. Rab1 b4 26. Kg3 Bb5 27. Qe3 Rec8 28. Rec1 Rxc1 29. Rxc1 Ra2 30. Rb1 Bc6 31. d5 exd5 32. e5 Ne4+ 33. Nxe4 dxe4 34. Nd4 dxe5 35. Nxc6 exf4+ 36. Qxf4 Qxc6 37. Rc1 Qe8 38. b3 Be5 39. Be3 Bxf4+ 40. Bxf4 e3 41. Re1 e2 42. Kf2 Qe4 43. Bg3 Rc2 44. h4 Rc3 0-1

[Event "Late-Titled-Tuesday-Blitz-March-05-2024"]
[Site "Chess.com"]
[Date "2024.03.05"]
[Round "6"]
[White "McCarthyStone"]
[Black "Arlo2024"]
[Result "1-0"]
[WhiteElo "2362"]
[BlackElo "2281"]
[TimeControl "180+1"]
[EndTime "15:05:29 PST"]
[Termination "McCarthyStone won on time"]

1. c4 c5 2. g3 Nc6 3. Bg2 g6 4. Nc3 Bg7 5. e4 e6 6. Nge2 Nge7 7. d3 Nd4 8. Be3 Nec6 9. O-O O-O 10. Qd2 Re8 11. Bh6 Bh8 12. f4 d6 13. h4 Nxe2+ 14. Nxe2 Nd4 15. h5 Bd7 16. Kh1 f5 17. Nxd4 Bxd4 18. exf5 gxf5 19. Rae1 Kh8 20. Bg5 Bf6 21.
b4 Rg8 22. Bxf6+ Qxf6 23. Kh2 Rab8 24. b5 b6 25. a4 Be8 26. Qe2 Bf7 27. Bf3 Rg7 28. Rf2 Rbg8 29. Rg2 Qh6 30. Reg1 Qf6 31. Qe3 h6 32. Qf2 Qc3 33. Qe3 Qb3 34. g4 fxg4 35.
Bxg4 Qxa4 36. Bxe6 Rxg2+ 37. Rxg2 Rxg2+ 38. Kxg2 Bxe6 39. Qxe6 Qc2+ 40. Kg1 Qd1+ 41. Kf2 Qd2+ 42. Kg1 Qd1+ 43. Kg2 Qd2+ 44. Kg3 Qxd3+ 45. Kg4 1-0

[Event "Late-Titled-Tuesday-Blitz-March-05-2024"]
[Site "Chess.com"]
[Date "2024.03.05"]
[Round "6"]
[White "SpeedofLight0"]
[Black "Hikaru"]
[Result "0-1"]
[WhiteElo "3094"]
[BlackElo "3265"]
[TimeControl "180+1"]
[EndTime "15:05:30 PST"]
[Termination "Hikaru won by resignation"]

1. d4 d5 2. Nc3 Nf6 3. Bf4 a6 4.
e3 e6 5. Bd3 c5 6. dxc5 Bxc5 7.
Nf3 Nc6 8. O-O O-O 9. e4 h6 10.
e5 Nd7 11. Re1 f5 12. h4 Be7 13. h5 Qe8 14. Nh2 Bg5 15. g3 b5 16. Bf1 Bb7 17.
Bg2 Kh8 18. a3 Rc8 19. Kh1 Na5 20. Ne2 Qxh5 21. Nd4 Qxd1 22. Raxd1 Rfe8 23. Bxg5 hxg5 24. Nhf3 Nc6 25. Nxg5 Nxd4 26. Rxd4 Rxc2 27. Nf7+ Kg8 28. Nd6 Rb8 29. Nxb7 Rxb7 30. Rxd5 Rbc7 31. Rd6 Kf7 32. Kg1 a5 33. b4 axb4 34. axb4 Ke7 35. f4 Rb2 36. Red1 Rxb4 37. Rc6 Rxc6 38. Bxc6 Nc5 39. Ra1 Ra4 40. Rc1 Rc4 41. Ra1 b4 42. Ra7+ Kd8 43.
Bb5 Rc1+ 44. Kf2 b3 45. Bc4 Rxc4 0-1

[Event "Late-Titled-Tuesday-Blitz-March-05-2024"]
[Site "Chess.com"]
[Date "2024.03.05"]
[Round "6"]
[White "ljuks68"]
[Black "Statham_01"]
[Result "0-1"]
[WhiteElo "2434"]
[BlackElo "2596"]
[TimeControl "180+1"]
[EndTime "15:05:30 PST"]
[Termination "Statham_01 won on time"]

1. e4 e5 2. Nf3 Nf6 3. Nxe5 Nc6 4. Nf3 Nxe4 5. d3 Nf6 6. d4 d5 7. Bb5 Bd6 8. O-O O-O 9. Bg5 h6 10. Bh4 Bg4 11. c3 Be7 12. Nbd2 Ne4 13. Bxe7 Nxe7 14. Qc2 Nxd2 15. Nxd2 Ng6 16. h3 Be6 17. f4 Nh4 18. Bd3 f5 19. Rae1 Qf6 20. g3 Ng6 21. Nf3 Rae8 22.
Ne5 Nxe5 23. Rxe5 Bd7 24. Rfe1 Rxe5 25. Rxe5 g5 26. Qb3 Bc6 27. Rxf5 Qe6 28. Rxf8+ Kxf8 29. Qd1 Qxh3 30. Qf3 g4 31. Qf2 Qh5 32. Qe3 Bd7 33. Qe5 Qxe5 34. dxe5 c5 35. f5 Ke7 0-1

[Event "Late-Titled-Tuesday-Blitz-March-05-2024"]
[Site "Chess.com"]
[Date "2024.03.05"]
[Round "6"]
[White "yuriydovzik"]
[Black "grandcoach"]
[Result "1-0"]
[WhiteElo "2078"]
[BlackElo "2204"]
[TimeControl "180+1"]
[EndTime "15:05:30 PST"]
[Termination "yuriydovzik won on time"]

1. a3 e5 2. b4 d5 3. Bb2 Bd6 4. c4 c6 5. e3 Nf6 6. Nf3 Qe7 7. Be2 O-O 8. d4 e4 9. Ne5 Nbd7 10. Nxd7 Bxd7 11. Nd2 Qe6 12. O-O Qf5 13. f4 exf3 14. Rxf3 Qg6 15. Nf1 Bg4 16. Rf2 Rfe8 17. Bxg4 Nxg4 18.
Rf3 Re6 19. cxd5 cxd5 20. Qb3 Rd8 21. Rc1 h5 22. h3 Nh6 23. Qc2 Qg5 24. Qd3 g6 25. Rc2 Nf5 26. Bc1 Nh4 27. Rff2 Re4 28. Qb5 Bg3 29. Rfe2 Bb8 30. Qxb7 Nf3+ 31. Kf2 Nh4 32.
Kg1 Qf6 33. Qc6 Qe7 34. Qc5 Qd7 35. Qc6 Qe7 36. Qc5 Bd6 37. Qc6 Nf5 38. Bd2 1-0

[Event "Late-Titled-Tuesday-Blitz-March-05-2024"]
[Site "Chess.com"]
[Date "2024.03.05"]
[Round "6"]
[White "NtcPou"]
[Black "Onthequiet"]
[Result "0-1"]
[WhiteElo "2018"]
[BlackElo "2419"]
[TimeControl "180+1"]
[EndTime "15:05:31 PST"]
[Termination "Onthequiet won by checkmate"]

1. e4 c6 2. d4 d5 3. e5 Bf5 4. Nd2 e6 5. Nb3 Nd7 6. Nf3 a5 7. a4 h6 8. Be2 c5 9. dxc5 Nxc5 10. Be3 Rc8 11. Nxc5 Bxc5 12. Bb5+ Kf8 13. Nd4 Bxd4 14.
Bxd4 Rxc2 15. O-O Ne7 16. Bc3 Nc6 17. Bd3 Rxc3 18. bxc3 Bxd3 19. Qxd3 Nxe5 20. Qe3 Nc4 21. Qa7 b6 22. Qa6 g6 23. Qb5 Kg7 24. Rab1 Qf6 25.
Rbc1 Rc8 26. g3 h5 27. h4 Nd2 28. Rfd1 Ne4 29. Rc2 Rxc3 30. Re2 Rf3 31. Qxb6 Nc3 32. Rdd2 Nxe2+ 33. Rxe2 Qa1+ 34. Kg2 Rf5 35. Qxa5 Qd1 36. Qd2 Qxa4 37. Qb2+ d4 38. Re4 e5 39. Qb7 Qd1 40.
Qd5 Qf3+ 41. Kh2 Qxf2+ 42. Kh3 Qf3 43. Qb7 d3 44. Rb4 Qxb7 45. Rxb7 e4 46. Re7 d2 47. Rxe4 d1=Q 48. Re2 Qxe2 49. g4 Rf3# 0-1

[Event "Late-Titled-Tuesday-Blitz-March-05-2024"]
[Site "Chess.com"]
[Date "2024.03.05"]
[Round "6"]
[White "Mikhal867"]
[Black "HaryKane"]
[Result "1-0"]
[WhiteElo "2497"]
[BlackElo "2591"]
[TimeControl "180+1"]
[EndTime "15:05:32 PST"]
[Termination "Mikhal867 won on time"]

1. d4 Nf6 2. c4 g6 3. f3 Bg7 4. e4 d6 5. Nc3 c6 6. Be3 a6 7. a4 O-O 8. Bd3 c5 9. d5 Nbd7 10. f4 e6 11. dxe6 fxe6 12. Nh3 Qb6 13. Qe2 d5 14. cxd5 exd5 15. e5 d4 16. Bc4+ Kh8 17. a5 Qb4 18. Ra4 dxc3 19. Rxb4 cxb4 20. exf6 Nxf6 21. O-O Bxh3 22. gxh3 Rfe8 23. bxc3 bxc3 24. Qf3 Rac8 25. Bf7 Re7 26. Bb3 c2 27. Bc1 Rec7 28.
Be6 Re8 29. f5 gxf5 30. Qxf5 Rce7 31. Bb3 Re5 32. Qxc2 Re2 33. Qf5 Ne4 34. Bf7 Bd4+ 35. Kh1 Rf8 36. Qd5 Bg7 37. Qd3 Nf2+ 38. Rxf2 Rxf2 39.
Bc4 R2f3 40. Qd6 Rc3 41. Bb2 Rf2 42. Bxc3 1-0

[Event "Late-Titled-Tuesday-Blitz-March-05-2024"]
[Site "Chess.com"]
[Date "2024.03.05"]
[Round "6"]
[White "VojtechPlat"]
[Black "Bryanl106"]
[Result "1-0"]
[WhiteElo "2864"]
[BlackElo "2652"]
[TimeControl "180+1"]
[EndTime "15:05:34 PST"]
[Termination "VojtechPlat won by resignation"]

1. e4 e5 2. Nf3 Nc6 3. Bb5 a6 4. Ba4 Nf6 5. d4 exd4 6. O-O Be7 7. e5 Ne4 8. Bb3 Nc5 9. Bd5 Ne6 10. Nbd2 d6 11.
exd6 Qxd6 12. Be4 O-O 13. Nc4 Qc5 14. Qe2 Bf6 15. a3 Re8 16. b4 Qh5 17. Qd3 Bd7 18.
Bd2 Rad8 19. Rae1 Bc8 20. h3 Nf8 21. Bf4 Ne6 22. Bg3 g6 23. Bxc6 bxc6 24. Nce5 c5 25. Ng4 Bg7 26. Be5 Qf5 27. Bxg7 Kxg7 28. Qc4 cxb4 29.
Re5 Qf4 30. axb4 h5 31. Ngh2 Bb7 32. Rfe1 Kg8 33. Qd3 Kg7 34. R5e2 Qf6 35. Qd2 Re7 36. Re5 Red7 37. h4 d3 38. c3 Nf4 39. R1e3 Ne2+ 40. Kf1 Nxc3 41. Ng5 Nd5 42. Re1 Nf4 43. Nhf3 Nxg2 44.
Kxg2 Rd4 45. Ne4 Bxe4 46. R5xe4 Rxe4 47. Rxe4 Rd5 48. Re3 Qf5 49. Qc3+ Kg8 50. Re8+ 1-0

[Event "Late-Titled-Tuesday-Blitz-March-05-2024"]
[Site "Chess.com"]
[Date "2024.03.05"]
[Round "6"]
[White "Beca95"]
[Black "aceontheturn"]
[Result "0-1"]
[WhiteElo "2961"]
[BlackElo "2808"]
[TimeControl "180+1"]
[EndTime "15:05:35 PST"]
[Termination "aceontheturn won by resignation"]

1. d4 Nf6 2. c4 e6 3. Nc3 d5 4. Nf3 Be7 5. Bg5 h6 6. Bxf6 Bxf6 7. e3 c6 8. h4 Nd7 9. Qc2 g6 10. O-O-O O-O 11. g4 Bg7 12. e4 dxc4 13. Bxc4 b5 14. Be2 Bb7 15. e5 c5 16. dxc5 Qe7 17. Rxd7 Qxd7 18.
Rd1 Qe7 19. Nxb5 Bxf3 20. Bxf3 Rab8 21. Nd4 Bxe5 22. Nc6 Qf6 23. Nxe5 Qxe5 24. Qc3 Qxc3+ 25. bxc3 Rfc8 26. c6 Rc7 27. Kc2 Kf8 28. Rd4 Ke7 29. a4 f5 30. h5 e5 31. Rc4 e4 32. Bg2 Rb6 33. hxg6 Rbxc6 34. Rxc6 Rxc6 35. gxf5 Kf6 36. Bxe4 Rc4 37. Kd3 Rxa4 38. c4 h5 39. c5 Ra3+ 40. Kd4 Ra1 41. c6 Rc1 42. Kd5 h4 43. Kd6 h3 44. c7 h2 45. Kd7 Rd1+ 46. Ke8 Rc1 47. Kd8 Rd1+ 48. Kc8 a5 49. Bc6 Rc1 50. Kd7 Rxc6 51.
Kxc6 h1=Q+ 52. Kd7 Qd5+ 53. Ke8 Qxf5 54. g7 Kxg7 0-1

[Event "Late-Titled-Tuesday-Blitz-March-05-2024"]
[Site "Chess.com"]
[Date "2024.03.05"]
[Round "6"]
[White "AndresDelgado77"]
[Black "jamengrand"]
[Result "1/2-1/2"]
[WhiteElo "2307"]
[BlackElo "2477"]
[TimeControl "180+1"]
[EndTime "15:05:38 PST"]
[Termination "Game drawn by repetition"]

1. e4 e5 2. Bc4 Nc6 3. d3 Nf6 4.
Nc3 Bb4 5. Bg5 h6 6. Bh4 d6 7. Ne2 Be6 8. a3 Bc5 9. b4 Bb6 10. Nd5 g5 11. Bg3 Bxd5 12. Bxd5 Nxd5 13. exd5 Ne7 14. h4 f5 15. hxg5 f4 16. Nxf4 exf4 17.
Qh5+ Kf8 18. Bxf4 Nxd5 19. g6 Qe7+ 20. Kd2 Nxf4 21. Qf5+ Kg7 22. Rae1 Qf6 23. Qd7+ Kxg6 24. g3 Nd5 25. Re6 Raf8 26. c4 Rf7 27. Rxf6+ Nxf6 28. Qh3 Ne4+ 29. dxe4 Rxf2+ 30. Kc1 Be3+ 31. Kb1 Rhf8 32.
Qe6+ Kg7 33. Re1 Bg5 34. e5 R8f3 35. c5 dxc5 36. Qd7+ Kg6 37. Qe8+ Kg7 38. Qd7+ Kg6 39. Qe8+ Kg7 40. Qd7+ 1/2-1/2

[Event "Late-Titled-Tuesday-Blitz-March-05-2024"]
[Site "Chess.com"]
[Date "2024.03.05"]
[Round "6"]
[White "SameerMujumdar"]
[Black "ansko1999"]
[Result "1/2-1/2"]
[WhiteElo "2437"]
[BlackElo "2666"]
[TimeControl "180+1"]
[EndTime "15:05:39 PST"]
[Termination "Game drawn by stalemate"]

1. c4 Nf6 2. Nc3 e6 3. e4 d5 4. e5 d4 5. exf6 dxc3 6. bxc3 Qxf6 7. d4 e5 8. Nf3 Nc6 9. d5 e4 10.
Nd4 Nxd4 11. Qxd4 Qxd4 12. cxd4 Bb4+ 13. Bd2 Bxd2+ 14. Kxd2 Bf5 15. Ke3 O-O-O 16. h3 h5 17. g3 Rd6 18. Bg2 Ra6 19. a3 Ra4 20. Rhc1 Re8 21. Rc3 Kd7 22. Rb1 b6 23. Rb4 Ra5 24.
c5 Bg6 25. h4 Bf5 26. Bf1 Rb8 27.
Be2 g6 28. Kf4 Rd8 29. Bb5+ Ke7 30. Bc6 Kf6 31. d6 bxc5 32. dxc7 Rc8 33. dxc5 Rxc7 34.
Ra4 Rxa4 35. Bxa4 Ke6 36. Bb3+ Ke7 37. Bd5 Kd7 38. Bxf7 Kc6 39. Bb3 Kb5 40. Bd5 Rxc5 41. Rxc5+ Kxc5 42. Bxe4 Bxe4 43. Kxe4 Kc4 44. Ke5 a5 45. f3 a4 46. g4 Kb3 47. Kd4 Kxa3 48. Kc3 Ka2 49. gxh5 a3 50. Kc2 gxh5 51. f4 Ka1 52. f5 a2 53. Kc1 1/2-1/2

[Event "Late-Titled-Tuesday-Blitz-March-05-2024"]
[Site "Chess.com"]
[Date "2024.03.05"]
[Round "6"]
[White "GAO"]
[Black "RantomOpening"]
[Result "0-1"]
[WhiteElo "2312"]
[BlackElo "2586"]
[TimeControl "180+1"]
[EndTime "15:05:40 PST"]
[Termination "RantomOpening won on time"]

1. e4 c5 2. Nf3 e6 3. c3 Nf6 4. e5 Nd5 5. d4 cxd4 6. cxd4 d6 7. a3 dxe5 8. dxe5 Be7 9. Bd3 O-O 10. Qe2 Bd7 11. O-O Bc6 12. Qe4 g6 13. Qe2 Nd7 14. Bh6 Re8 15. Nbd2 Nc5 16. Bc2 Rc8 17. Rfd1 Qb6 18.
Nc4 Qa6 19. Nfd2 Red8 20. Qg4 Bb5 21. Nd6 Be2 22. Qg3 Bxd1 23. Nxc8 Bxc2 24. Nxe7+ Nxe7 25. Bg5 Nf5 26. Qc3 Ne4 27. Nxe4 Bxe4 28. Bxd8 Bd5 29. Qc8 Qc6 30. Qb8 Qe8 31. Rc1 Bc6 32. Qc7 Nd4 33. Re1 Nb5 34. Qe7 Nd4 35. Qxe8+ Bxe8 36. Bf6 Ba4 37. h4 h5 38. Re3 Kf8 39. Rd3 Nc6 40. Rd7 Na5 41. Rc7 Ke8 42. Rc8+ Kd7 43. Rd8+ Kc7 44. Rf8 Nc4 45. Rxf7+ Kc6 46. Rg7 Nxb2 47.
Rxg6 b5 48. Be7 Bb3 49. Rh6 a5 50. Rxh5 b4 51. axb4 a4 52. Rg5 Kb5 53. Rg8 a3 54. Rb8+ Kc4 55. Ra8 Na4 56. b5 a2 57. b6 a1=Q+ 58. Kh2 Qxe5+ 59. g3 Nxb6 0-1

[Event "Late-Titled-Tuesday-Blitz-March-05-2024"]
[Site "Chess.com"]
[Date "2024.03.05"]
[Round "6"]
[White "Szparu"]
[Black "Msb2"]
[Result "0-1"]
[WhiteElo "2806"]
[BlackElo "3001"]
[TimeControl "180+1"]
[EndTime "15:05:44 PST"]
[Termination "Msb2 won by checkmate"]

1. e4 e6 2. d4 d5 3. e5 c5 4. c3 Nc6 5. Nf3 Nge7 6. Bd3 cxd4 7. cxd4 Nf5 8. Bxf5 exf5 9. Nc3 Be7 10. Ne2 g5 11. Nd2 Qb6 12. Nb3 a5 13. h4 a4 14.
Nc5 Nxd4 15. Nxa4 Qb4+ 16. Nec3 Bd7 17. a3 Qa5 18. Qxd4 Bxa4 19. Bxg5 Bc5 20. Qxa4+ Qxa4 21. Nxa4 Rxa4 22. Bf6 Rg8 23. Rc1 Rc4 24. Rxc4 dxc4 25. g3 Rg4 26. Ke2 Bd4 27. Rd1 Re4+ 28. Kf1 Bb6 29.
Rd6 Bc7 30. Rd5 b6 31. h5 f4 32. f3 Re3 33. Kf2 Rb3 34. Rd2 fxg3+ 35. Kxg3 b5 36. Kf4 Ba5 37. Rg2 Kd7 38. h6 Ke6 39. Ke4 Bb6 40.
Rg7 Rxb2 41. Rxh7 Re2+ 42. Kf4 c3 43. Rh8 Kd7 44. h7 c2 45. Rc8 Kxc8 46. h8=Q+ Kb7 47. Qh1 Be3+ 48. Kf5 c1=Q 49. Qh7 Qc2+ 50. Kg4 Qxh7 51. f4 Qg6+ 52. Kf3 Qg2# 0-1

[Event "Late-Titled-Tuesday-Blitz-March-05-2024"]
[Site "Chess.com"]
[Date "2024.03.05"]
[Round "6"]
[White "rychessmaster1"]
[Black "HansOnTwitch"]
[Result "0-1"]
[WhiteElo "2734"]
[BlackElo "3116"]
[TimeControl "180+1"]
[EndTime "15:05:46 PST"]
[Termination "HansOnTwitch won by checkmate"]

1. d4 Nf6 2. c4 e6 3. Nf3 b6 4. g3 Bb7 5. Bg2 Be7 6. Nc3 O-O 7.
Qc2 Bb4 8. O-O d6 9. Bd2 Nbd7 10. a3 Bxc3 11. Bxc3 Be4 12. Qc1 Qc8 13. Rd1 Qb7 14. Ne1 Bxg2 15. Nxg2 a5 16. a4 d5 17. Ne3 Rac8 18.
Qd2 Ne4 19. Qd3 Ndf6 20. f3 Nxc3 21. Qxc3 Rfe8 22. Rac1 c6 23. Ng2 c5 24. b3 cxd4 25.
Qxd4 e5 26. Qd3 d4 27. f4 Rcd8 28. fxe5 Ng4 29. c5 bxc5 30. Rxc5 Nxe5 31. Qc2 h6 32. Nf4 Ng4 33. Rc7 Qb6 34. Qc6 Qxb3 35. Rf1 Qe3+ 36. Kg2 Ne5 37. Qb7 g5 38. Nh3 Qxe2+ 39. Rf2 Qh5 40. Qb5 Qg6 41. Qxa5 Qe4+ 42. Kg1 Nf3+ 43. Kf1 d3 44. Ng1 d2 45. Rxf3 d1=Q+ 46. Kg2 Rd2+ 47. Kh3 g4+ 48. Kh4 gxf3+ 49. Kh5 f2+ 50.
Kxh6 Qg6# 0-1

[Event "Late-Titled-Tuesday-Blitz-March-05-2024"]
[Site "Chess.com"]
[Date "2024.03.05"]
[Round "6"]
[White "jinbojinbo"]
[Black "Kombinator01"]
[Result "1-0"]
[WhiteElo "2642"]
[BlackElo "2497"]
[TimeControl "180+1"]
[EndTime "15:05:46 PST"]
[Termination "jinbojinbo won by resignation"]

1. Nf3 d5 2. e3 g6 3. d4 Bg7 4. c4 Nf6 5. Nc3 O-O 6. Be2 c5 7. O-O cxd4 8. Nxd4 Nc6 9. Nxc6 bxc6 10. Qa4 Qc7 11.
Rd1 Bb7 12. Bd2 Rfd8 13. Rac1 d4 14. exd4 Rxd4 15. Be3 Rxd1+ 16. Rxd1 Nd7 17. c5 h5 18. Bf3 Ne5 19. Be2 a5 20. Bf4 Rd8 21. h3 Rxd1+ 22. Bxd1 Qd8 23. Be2 Nd7 24. Ne4 Bxb2 25. Qb3 Be5 26. Bxe5 Nxe5 27. Qxb7 Qd4 28. Qb1 a4 29.
Qc2 a3 30. Nd2 Nd7 31. Nb3 Qe5 32. Bf3 Qe1+ 33. Kh2 Qe5+ 34. g3 Qb2 35. Qxb2 axb2 36. Be4 f5 37. Bb1 Ne5 38. a4 Nc4 39. a5 Na3 40. Bd3 Kf7 41. a6 Nb5 42. Nd2 Na7 43.
Nc4 Ke6 44. Nxb2 Kd5 45. Na4 Kd4 46. Be2 e5 47. h4 e4 48. Kg2 e3 49. f4 Ke4 50.
Kf1 Kd4 51. Ke1 Nc8 52. Kd1 Na7 53. Kc2 Nc8 54. Nb6 Na7 55. Nd7 Kd5 56. Nf8 Kxc5 57. Nxg6 Kb6 58. Ne7 c5 59. Nxf5 Nc6 60. Nxe3 Nd4+ 61.
Kd2 Nb3+ 62. Kd1 Nd4 63. f5 Nc6 64. f6 Ne5 65. Nc4+ 1-0

[Event "Late-Titled-Tuesday-Blitz-March-05-2024"]
[Site "Chess.com"]
[Date "2024.03.05"]
[Round "6"]
[White "Pelusiansky"]
[Black "hell3raiser"]
[Result "1-0"]
[WhiteElo "2566"]
[BlackElo "2415"]
[TimeControl "180+1"]
[EndTime "15:05:46 PST"]
[Termination "Pelusiansky won by resignation"]

1. c4 e6 2. Nc3 d5 3. d4 Be7 4. cxd5 exd5 5. Bf4 c6 6. e3 Bf5 7. g4 Be6 8. h4 c5 9. dxc5 Bxc5 10. Bg2 Ne7 11.
g5 Nbc6 12. Nge2 O-O 13. h5 d4 14. Ne4 Bb4+ 15. Kf1 dxe3 16. h6 Qxd1+ 17. Rxd1 exf2 18.
hxg7 Kxg7 19. Nf6 Rh8 20. Ng3 Ng6 21. Be3 Bc4+ 22. Kxf2 Nce5 23. Nf5+ Kf8 24. a3 Be7 25. Nxh7+ Rxh7 26. Rxh7 Ng4+ 27. Kg3 Nxe3 28. Nxe3 Be2 29. Re1 Bd3 30. Bd5 Bd6+ 31. Kf2 Ne7 32. Rxf7+ Ke8 33. Rf6 Bc5 34. Kf3 Kd7 35. Bc4 Bh7 36. Rd1+ Kc7 37.
Nd5+ Nxd5 38. Rxd5 Be7 39. Rf7 Bg8 40. Rxe7+ Kc6 41. Rd4 Rf8+ 42. Ke3 Bxc4 43. Rxc4+ Kd5 44. Ree4 Rg8 45. Rcd4+ Kc5 46. Rg4 b5 47. g6 Rg7 48.
Rde4 Kd5 49. Rg5+ Kc6 50. Kf4 a6 51. b4 Kb6 52. Kf5 1-0

[Event "Late-Titled-Tuesday-Blitz-March-05-2024"]
[Site "Chess.com"]
[Date "2024.03.05"]
[Round "6"]
[White "BogdanDeac"]
[Black "ameetghasi100"]
[Result "0-1"]
[WhiteElo "2959"]
[BlackElo "2783"]
[TimeControl "180+1"]
[EndTime "15:05:50 PST"]
[Termination "ameetghasi100 won by resignation"]

1. d4 g6 2. e4 Bg7 3. Nf3 d6 4. h3 Nf6 5. Bd3 O-O 6. O-O Nc6 7. Re1 Nd7 8. c3 e5 9. Be3 a6 10. Na3 b6 11. Qd2 Bb7 12. Nc2 Kh8 13. Bh6 Bxh6 14.
Qxh6 Qf6 15. Ne3 Qg7 16. Qxg7+ Kxg7 17. Nd5 Rac8 18. Rac1 Rfe8 19. a3 Ne7 20. Nxe7 Rxe7 21. d5 a5 22. b4 Ra8 23. Nd2 Nf6 24. Bb5 Ra7 25. f3 Nh5 26. Nb3 axb4 27. axb4 Ra3 28. Nd2 Ra2 29. Red1 Nf4 30. Bc4 Ra8 31. Bb5 Ra2 32.
Ra1 Rc2 33. Ra3 Bc8 34. Bf1 h5 35. h4 g5 36. hxg5 h4 37. Nc4 h3 38. Rd2 Rc1 39. g3 Nh5 40. Ne3 Nxg3 41. Rf2 Kg6 42. Kh2 Nxf1+ 43.
Nxf1 Kxg5 44. Ne3 Kf4 45. Nf1 f5 46. c4 Rg7 47. Nd2 Rgg1 0-1

[Event "Late-Titled-Tuesday-Blitz-March-05-2024"]
[Site "Chess.com"]
[Date "2024.03.05"]
[Round "6"]
[White "flubs"]
[Black "annacramling"]
[Result "1-0"]
[WhiteElo "2453"]
[BlackElo "2086"]
[TimeControl "180+1"]
[EndTime "15:05:50 PST"]
[Termination "flubs won on time"]

1. c4 c5 2. g3 Nc6 3. Bg2 g6 4. Nc3 Bg7 5. h4 h5 6. Nh3 e5 7. d3 d6 8. Ng5 Nge7 9. O-O O-O 10. Bd2 Nd4 11. Rb1 a5 12. a3 Ne6 13. b4 axb4 14.
axb4 Nxg5 15. Bxg5 f6 16. Bd2 cxb4 17. Rxb4 Nc6 18. Rb1 f5 19. Nd5 f4 20. Nb6 Ra6 21. Nxc8 Qxc8 22. e3 fxg3 23. fxg3 Rxf1+ 24. Qxf1 Qc7 25.
Be4 Rb6 26. Bxg6 Rxb1 27. Qxb1 Ne7 28. Bxh5 Nf5 29. Kh2 Bh6 30. Qe1 Qg7 31. Qf2 Ne7 32.
Bf3 Nf5 33. Be4 Ne7 34. Bxb7 Ng6 35. Bd5+ Kh8 36. Qf7 Qxf7 37. Bxf7 Ne7 38. g4 Kg7 39. Be8 Kf8 40. Bd7 Bg7 41. Kg3 Ng6 42. Bf5 Ne7 43. Be4 Kf7 44. Bf3 Ke6 45. e4 Nc6 46. h5 Nd4 47. h6 Bh8 48. g5 Kf7 49. Bh5+ Kg8 50. g6 Bf6 51. Kg4 Ne6 52. Be3 Kh8 53. Kf5 1-0

[Event "Late-Titled-Tuesday-Blitz-March-05-2024"]
[Site "Chess.com"]
[Date "2024.03.05"]
[Round "6"]
[White "the_blue_pill"]
[Black "vladgoncharov"]
[Result "1/2-1/2"]
[WhiteElo "2418"]
[BlackElo "2623"]
[TimeControl "180+1"]
[EndTime "15:05:52 PST"]
[Termination "Game drawn by repetition"]

1. e4 e6 2. d4 d5 3. e5 c5 4. c3 Nc6 5. Nf3 Nge7 6. a3 c4 7. Nbd2 Bd7 8. g3 Na5 9. h4 Nc8 10. h5 h6 11. Bh3 Nb6 12. Nf1 Ba4 13. Qe2 Nb3 14. Rb1 Nxc1 15. Rxc1 Be7 16. Ne3 Bg5 17. O-O Bd7 18. Nd2 Bxe3 19. Qxe3 Qg5 20. Qe2 O-O 21. Kh2 f5 22. exf6 Qxf6 23. f4 Nc8 24. Qe5 Qxe5 25.
fxe5 Ne7 26. Bg4 Rxf1 27. Rxf1 Rf8 28. Rf4 Nc8 29. Nf1 Nb6 30. Ne3 Re8 31. Kg1 Re7 32.
Kf1 Be8 33. Ke1 Bf7 34. Kd2 Kf8 35. Ng2 Ke8 36. Rf2 Na4 37. Kc1 b5 38. Nf4 Nb6 39. Bd1 a5 40. Bc2 Bg8 41. Bg6+ Bf7 42. Nxe6 Bxg6 43.
Rf8+ Kd7 44. Nc5+ Kc7 45. hxg6 Nd7 46. Rf7 Rxf7 47. gxf7 Nf8 48. e6 Kd6 49. Kd2 g5 50.
g4 Ke7 51. Ke3 Kd8 52. Nd7 Ke7 53. Nxf8 Kxf8 54. Kf3 a4 55. Ke3 Ke7 56. Kf3 Kf8 57. Kg3 Ke7 58. Kh3 Kf8 59. Kg2 Ke7 60. Kg3 Kf8 61.
Kh3 Ke7 62. Kg3 Kf8 63. Kh2 Ke7 64. Kh1 Kf8 65. Kg1 Ke7 66. Kf1 Kf8 67. Ke1 Ke7 68.
Kf2 Kf8 69. Kf1 Ke7 70. Kg1 Kf8 71. Kf1 Ke7 72. Ke2 Kf8 73. Ke1 Ke7 74. Kf2 Kf8 75.
Kg2 Ke7 76. Kg3 1/2-1/2